 Dungeon Crawl Stone Soup version 0.26-a0-642-g67e99244d3 (webtiles) character file.

Game seed: 2390112033549711520

5 Gargoyl the Skirmisher (level 1, -9/23 HPs)
             Began as a Gnoll Abyssal Knight on Sept 23, 2020.
             Was a Follower of Lugonu.
             Mangled by a spatial maelstrom (18 damage)
             ... on level 1 of the Abyss.
             The game lasted 00:00:05 (47 turns).

Gargoyl the Skirmisher (Gnoll Abyssal Knight)         Turns: 47, Time: 00:00:05

Health: -9/23      AC:  3    Str: 14    XL:     1   Next: 80%
Magic:  3/3        EV: 12    Int: 14    God:    Lugonu [*.....]
Gold:   0          SH:  0    Dex: 14    Spells: 0/0 levels left

rFire    . . .     SeeInvis .   a - +1 hand axe
rCold    . . .     Faith    .   (no shield)
rNeg     . . .     Spirit   .   b - +0 leather armour
rPois    .         Reflect  .   (no helmet)
rElec    .         Harm     .   (no cloak)
rCorr    .         Rampage  .   (no gloves)
MR       .....                  (no boots)
Stlth    +.........             (no amulet)
HPRegen  0.07/turn              (no ring)
MPRegen  0.08/turn              (no ring)

@: no status effects
A: distributed training, fangs 1, strong nose
a: Depart the Abyss, Renounce Religion


You were on level 1 of the Abyss.
You worshipped Lugonu.
Lugonu was aware of your devotion.
You visited 0 branches of the dungeon, and saw 0 of its levels.
You visited the Abyss 1 time.

Inventory:

Hand Weapons
 a - a +1 hand axe (weapon)
Armour
 b - a +0 leather armour (worn)
Scrolls
 c - a scroll of identify {unknown}


   Skills:
 + Level 6.4 Fighting
 + Level 0.1 Short Blades
 + Level 0.1 Long Blades
 + Level 4.4 Axes
 + Level 0.1 Maces & Flails
 + Level 0.1 Polearms
 + Level 0.1 Staves
 + Level 0.1 Slings
 + Level 0.1 Bows
 + Level 0.1 Crossbows
 + Level 0.1 Throwing
 + Level 4.4 Armour
 + Level 2.4 Dodging
 + Level 0.1 Stealth
 + Level 0.1 Shields
 + Level 0.1 Unarmed Combat
 + Level 0.1 Spellcasting
 + Level 0.1 Conjurations
 + Level 0.1 Hexes
 + Level 0.1 Summonings
 + Level 0.1 Necromancy
 + Level 0.1 Translocations
 + Level 0.1 Transmutations
 + Level 0.1 Fire Magic
 + Level 0.1 Ice Magic
 + Level 0.1 Air Magic
 + Level 0.1 Earth Magic
 + Level 0.1 Poison Magic
 + Level 4.4 Invocations
 + Level 0.1 Evocations


You couldn't memorise any spells.
You didn't know any spells.
Your spell library was empty.

Dungeon Overview and Level Annotations

Branches:
Dungeon (0/15)

Altars:


Innate Abilities, Weirdness & Mutations

Your experience applies equally to all skills.
You have very sharp teeth.
Your uncanny sense of smell can sniff out nearby items.


Message History

c - a scroll labeled HYGORY KITY A large abomination is cast out of reality.
The ufetubus shouts!
You hit the ufetubus but do no damage. Your bite misses the ufetubus.
A spatial maelstrom comes into view.
The ufetubus closely misses you. x2
You barely miss the ufetubus.
The ufetubus hits you but does no damage.
The ufetubus barely misses you. x2; The ufetubus misses you.
A spatial vortex comes into view.
You slash the ufetubus!
You kill the ufetubus!
A spatial vortex comes into view.
A vampire comes into view.
A spatial vortex comes into view.
The spatial maelstrom closely misses you.
The spatial maelstrom hits you!
Ouch! That really hurt!
Space warps horribly around you!!
Ouch! That really hurt!
You die...

.# . v. .. #.##.
#.# .# #X.#.
#..# ...#..#
#.#.#
#..#..##...
#..#...#.## #.
#.....#
#..#.v#..#
###..#@#.....
##V.....#.......
###.##.#.####.#
.. #....###...
.. # ..#...
..... .. #
.##..#..## ..#
.....####...
..#...# #.##
##.## . #


You could see a spatial maelstrom, a large abomination and a vampire.

Vanquished Creatures
  An ufetubus (Abyss:1)
1 creature vanquished.

Notes
Turn   | Place    | Note
-------+----------+-------------------------------------------
     0 | Abyss:1  | Gargoyl the Gnoll Abyssal Knight began the quest for the
                  | Orb.
     0 | Abyss:1  | Reached XP level 1. HP: 23/23 MP: 3/3
    42 | Abyss:1  | Noticed a large abomination
    43 | Abyss:1  | Noticed a spatial maelstrom
    45 | Abyss:1  | Noticed a spatial vortex
    45 | Abyss:1  | Noticed a spatial vortex
    45 | Abyss:1  | Noticed a vampire
    46 | Abyss:1  | Noticed a spatial vortex
    47 | Abyss:1  | Mangled by a spatial maelstrom

Illustrated notes

Levels and vault maps discovered:
Abyss:1

Action                   || total
-------------------------++-------
Melee: Hand axe          ||     3
Armor: Leather armour    ||     1
Dodge: Dodged            ||     6

Table legend: (Time is in decaauts)
 A = Elapsed time spent in this place.
 B = Non-inter-level travel time spent in this place.
 C = Inter-level travel time spent in this place.
 D = Time resting spent in this place.
 E = Time spent auto-exploring this place.
 F = Levels seen in this place.
 G = Mean time per level.
                   A        B        C        D        E       F      G
               +--------+--------+--------+--------+--------+-----+--------+
         Total |     47 |     47 |      0 |      0 |     41 |   1 |   47.0 |
         Abyss |     47 |     47 |      0 |      0 |     41 |   1 |   47.0 |
               +--------+--------+--------+--------+--------+-----+--------+

Top non-repeatable levels by time:
 Abyss:1: 47 daAuts
